 Dungeon Crawl Stone Soup version 0.27.0-1-g7a089689b8 (webtiles) character file.

Game seed: 191400913775470911

32 Thatpatchoflichen the Skirmisher (level 3, -2/33 HPs)
             Began as a Hill Orc Fighter on Aug 12, 2021.
             Slain by a phantom (3 damage)
             ... on level 2 of the Dungeon.
             The game lasted 00:03:38 (1117 turns).

Thatpatchoflichen the Skirmisher (Hill Orc Fighter) Turns: 1117, Time: 00:03:38

Health: -2/33      AC:  9    Str: 24    XL:     3   Next: 27%
Magic:  3/3        EV:  5    Int:  8    God:
Gold:   58         SH:  9    Dex: 11    Spells: 2/2 levels left

rFire    . . .     SeeInvis .   a - +0 war axe
rCold    . . .     Faith    .   c - +0 kite shield
rNeg     . . .     Spirit   .   h - +0 chain mail
rPois    .         Reflect  .   (no helmet)
rElec    .         Harm     .   (no cloak)
rCorr    .         Rampage  .   (no gloves)
Will     .....                  (no boots)
Stlth    ..........             (no amulet)
HPRegen  0.11/turn              m - +6 ring of strength
MPRegen  0.08/turn              (no ring)

@: no status effects
A: no striking features
a: no special abilities


You were on level 2 of the Dungeon.
You visited 1 branch of the dungeon, and saw 2 of its levels.

You collected 58 gold pieces.

Inventory:

Hand Weapons
 a - a +0 war axe (weapon)
Missiles
 e - 44 stones (quivered)
 g - 8 poisoned darts
 j - 18 bolts
 k - 23 arrows
Armour
 b - a +0 scale mail
 c - a +0 kite shield (worn)
 h - a +0 chain mail (worn)
Jewellery
 m - a +6 ring of strength (left hand)
Scrolls
 i - 2 scrolls of identify {unknown}
 l - a scroll of holy word {unknown}
 n - a scroll of teleportation {unknown}
Potions
 d - a potion of might
 f - 2 potions of curing {unknown}


   Skills:
 + Level 4.0 Fighting
 + Level 3.2 Axes
 * Level 3.9 Armour
 + Level 3.6 Shields


You had 2 spell levels left.
You didn't know any spells.
Your spell library was empty.

Dungeon Overview and Level Annotations

Branches:
Dungeon (2/15)

Altars:


Message History

The phantom hits you but does no damage.
Your chain mail prevents you from hitting the phantom.
The phantom is lightly damaged.
The phantom hits you. You block the phantom's attack.
You closely miss the phantom.
The phantom is lightly damaged.
The phantom hits you but does no damage.
The phantom hits you!
A hobgoblin comes into view.
Found 15 gold pieces.
The hobgoblin throws a stone.
The stone hits you but does no damage.
The phantom hits you but does no damage.
You closely miss the phantom.
The phantom hits you but does no damage. x2
The phantom hits you.
The phantom blinks!
You blink.
The hobgoblin throws a stone.
You block the stone.
The hobgoblin throws a stone.
The stone hits you but does no damage. You block the hobgoblin's attack.
You block the hobgoblin's attack.
There is a stone staircase leading up here.
The hobgoblin hits you. The phantom hits you.
The phantom blinks!
You blink.
You stop ascending the stairs.
The phantom hits you.
A bat comes into view.
The bat hits you but does no damage. You block the bat's attack.
The bat hits you but does no damage. The bat hits you but does no damage.
The bat hits you but does no damage. You block the phantom's attack.
You block the bat's attack. The bat barely misses you.
The bat hits you but does no damage. The bat barely misses you.
You miss the phantom. The phantom hits you!
* * * LOW HITPOINT WARNING * * *
The phantom blinks!
You blink.
The phantom hits you.
* * * LOW HITPOINT WARNING * * *
The phantom blinks!
You blink.
The bat hits you.
* * * LOW HITPOINT WARNING * * *
You block the bat's attack. The phantom hits you.
You die...

##### ####...#
####.W.§#.#
#...@bg.#§# .....#
#.##.#....# $....#
.. #.###### .....#
## #.....## ....#
#......######..###
#...g..§##........
#......###........
#.................
#...#.#.#.#.#.....


You could see a phantom, a hobgoblin and a bat.

Vanquished Creatures
  5 endoplasms
  2 giant cockroaches
  A goblin (D:1)
  5 hobgoblins
  3 jackals (D:1)
  2 quokkas (D:1)
  2 ball pythons
  2 bats (D:1)
  3 frilled lizards
  2 kobolds (D:1)
  A rat (D:1)
28 creatures vanquished.

Notes
Turn   | Place    | Note
-------+----------+-------------------------------------------
     0 | D:1      | Thatpatchoflichen the Hill Orc Fighter began the quest for
                  | the Orb.
     0 | D:1      | Reached XP level 1. HP: 19/19 MP: 1/1
   301 | D:1      | Reached XP level 2. HP: 27/27 MP: 2/2
   790 | D:1      | Reached skill level 4 in Fighting
   790 | D:1      | Reached XP level 3. HP: 33/33 MP: 3/3
  1045 | D:2      | Noticed a phantom
  1117 | D:2      | HP: 1/33 [bat (1)]
  1117 | D:2      | Slain by a phantom

Illustrated notes

Levels and vault maps discovered:
D:1:      lemuel_arrival_muddy, layout_rooms
D:2:      layout_basic, shapermc_ecumenical_altar_rom_forum, serial_shops, shop,
          minmay_misc_feat_rows, uniq_sigmund

Skill      XL: |  1  2 |
---------------+-------+-----
Axes           | 3 |  3.2
Fighting       | 4 |  4.0
Armour         | |  3.9
Shields        | |  3.6

Action                   || total
-------------------------++-------
Melee: War axe           ||    93
Armor: Scale mail        ||     5
       Chain mail        ||    58
Dodge: Dodged            ||    29
Block: Kite shield       ||    62
